 Dungeon Crawl Stone Soup version 0.31-a0-875-g02e7d12df6 (webtiles) character file.

Game seed: 2961498759374045527

20264 ReallyHexed the Nimble (level 13, -3/87 HPs)
             Began as a Djinni Hedge Wizard on Oct 11, 2023.
             Was an Elder of Makhleb.
             Killed from afar by a war gargoyle (16 damage)
             ... with a spray of metal splinters
             ... on level 13 of the Dungeon on Oct 12, 2023.
             The game lasted 02:06:38 (14197 turns).

ReallyHexed the Nimble (Djinni Hedge Wizard)       Turns: 14197, Time: 02:06:38

Health: -3/87      AC:  9    Str:  9    XL:     13   Next: 10%
Gold:   756        EV: 19    Int: 21    God:    Makhleb [****..] SH:  0 Dex: 19

rFire   + + .        z - staff of death
rCold   x . .        (no shield)
rNeg    + . .        R - +0 troll leather armour
rPois   ∞            c - +0 hat
rElec   .            f - scarf {repulsion}
rCorr   .            g - +0 pair of gloves
SInv    .            (boots unavailable)
Will    +....        O - amulet of regeneration
Stlth   +++          e - +4 ring of protection
HPRegen 1.94/turn    x - +6 ring of dexterity
MPRegen 0.00/turn

%: repel missiles, infuse magic (-4 HP)
@: flying, hasted, very quick
A: sickness immunity, fire resistance 2, cold vulnerability 1, float, innate
caster, HP casting, extra vitality 1
a: Renounce Religion, Minor Destruction, Lesser Servant of Makhleb, Major
Destruction


You were on level 13 of the Dungeon.
You worshipped Makhleb.
Makhleb was greatly pleased with you.
You visited 2 branches of the dungeon, and saw 14 of its levels.

You collected 756 gold pieces.

Inventory:

Hand Weapons
 a - a +0 dagger
 X - a +2 dagger of electrocution
Missiles
 E - 2 throwing nets
Armour
 b - a +0 robe
 c - a +0 hat (worn)
 f - a scarf of repulsion (worn)
 g - a +0 pair of gloves (worn)
 w - a +0 pair of gloves
 R - a +0 troll leather armour (worn)
 S - an orb of light
 W - the +1 robe of the Beggar {Str+2}
   (You found it on level 11 of the Dungeon)

   Str+2:     It affects your strength (+2).
Magical Staves
 z - a staff of death (weapon)
 C - a staff of fire
Jewellery
 e - a +4 ring of protection (left hand)
 x - a +6 ring of dexterity (right hand)
 H - an amulet of the acrobat
 O - an amulet of regeneration (around neck)
 P - a +6 ring of dexterity
 Y - a ring of resist corrosion
Talismans
 r - a blade talisman
 Q - a blade talisman
Wands
 i - a wand of polymorph (21)
 G - a wand of digging (4)
 I - a wand of flame (18)
 K - a wand of charming (6)
 T - a wand of quicksilver (8)
 U - a wand of mindburst (5)
 V - a wand of iceblast (6)
Scrolls
 d - 4 scrolls of noise
 k - a scroll of enchant weapon {unknown}
 l - 5 scrolls of amnesia
 m - a scroll of acquirement {unknown}
 n - 2 scrolls of fog
 t - 3 scrolls of revelation
 u - 2 scrolls of enchant armour {unknown}
 y - 2 scrolls of vulnerability {unknown}
 B - a scroll of fear {unknown}
 L - 2 scrolls of identify
 N - 3 scrolls of immolation
Potions
 h - 4 potions of magic {unknown}
 j - 4 potions of brilliance
 o - 2 potions of might
 p - a potion of berserk rage
 q - a potion of haste
 s - 2 potions of cancellation
 v - 10 potions of degeneration
 A - 2 potions of curing
 D - 4 potions of ambrosia
 F - a potion of mutation
 J - 2 potions of attraction


   Skills:
 - Level 6.2 Fighting
 + Level 2.3 Short Blades
 + Level 0.5 Staves
 * Level 7.3 Armour
 + Level 12.1 Dodging
 + Level 4.7 Stealth
 * Level 10.9 Spellcasting
 * Level 10.9 Conjurations
 * Level 10.9 Hexes
 * Level 10.9 Summonings
 * Level 10.9 Necromancy
 * Level 10.9 Translocations
 * Level 10.9 Transmutations
 * Level 10.9 Fire Magic
 * Level 10.9 Ice Magic
 * Level 10.9 Air Magic
 * Level 10.9 Earth Magic
 * Level 10.9 Poison Magic
 + Level 0.2 Evocations


You knew the following spells:

 Your Spells              Type           Power      Damage    Failure   Level
a - Magic Dart            Conj           100%       1d8       1%          1
b - Slow                  Hex            100%       N/A       1%          1
c - Blink                 Tloc           100%       N/A       1%          2
d - Call Imp              Summ           100%       N/A       1%          2
e - Mephitic Cloud        Conj/Pois/Air  55%        N/A       1%          3
f - Summon Small Mammal   Summ           100%       N/A       1%          1
g - Momentum Strike       Conj/Tloc      100%       3d10      1%          2
h - Vampiric Draining     Necr           72%        2d11      1%          3
i - Summon Ice Beast      Ice/Summ       55%        N/A       1%          4
j - Borgnjor's Vile Clut  Necr/Erth      36%        N/A       2%          5
k - Summon Forest         Summ/Tloc      27%        N/A       2%          5
Your spell library was empty.

Dungeon Overview and Level Annotations

Branches:
Dungeon (13/15)            Temple (1/1) D:7            Lair (0/5) D:11
    Orc (0/2) D:10         Vaults (0/5) D:13

Altars:
Ashenzari
Cheibriados
Dithmenos
Elyvilon
Fedhas
Gozag
Hepliaklqana
Makhleb
Nemelex Xobeh
Okawaru
Qazlal
Ru
Trog
Uskayaw
Wu Jian
Xom
Yredelemnul
Zin
The Shining One

Shops:
D:3 [   D:6 *

Portals:
Trove: D:10 (give 7 scrolls of fog)

Annotations:
D:3 1 runed translucent door, Crazy Yiuf


Innate Abilities, Weirdness & Mutations

You are immune to sickness and miasma.
You are immune to poison.
Your flesh is very heat resistant. (rF++)
You are vulnerable to cold. (rC-)
You float through the air rather than walking.
You learn spells naturally, not from books.
Your magical power is your life essence.
You have superior vitality. (+4 MHP)


Message History

Casting: Call Imp (safe; 1% risk of failure)
Confirm with . or Enter, or press ? or * to list all spells.
A chill wind blows around you.
Your ice beast disappears in a puff of smoke!
Casting: Summon Ice Beast (mildly dangerous; 1% risk of failure)
Confirm with . or Enter, or press ? or * to list all spells.
A tiny devil pulls itself out of the air.
The war gargoyle hits your cerulean imp with a +1 flail of protection!!
Your cerulean imp dies!
Your cerulean imp disappears in a puff of smoke!
Your ice beast hits the war gargoyle but does no damage.
The war gargoyle launches metal splinters at you.
The spray of metal splinters hits you!!
Casting: Call Imp (safe; 1% risk of failure)
Confirm with . or Enter, or press ? or * to list all spells.
A tiny devil pulls itself out of the air.
The war gargoyle hits you with a +1 flail of protection!!
* * * LOW HITPOINT WARNING * * *
The war gargoyle hits you with a +1 flail of protection!
* * * LOW HITPOINT WARNING * * *
Your ice beast completely misses the war gargoyle.
Your cerulean imp barely misses the war gargoyle.
You swap places.
The war gargoyle hits your cerulean imp with a +1 flail of protection!!
Your cerulean imp dies!
Your cerulean imp disappears in a puff of smoke!
Your ice beast hits the war gargoyle but does no damage.
You feel better.
The war gargoyle launches metal splinters at you.
The spray of metal splinters is repelled.
Your ice beast hits the war gargoyle but does no damage.
You feel yourself speed up.
The war gargoyle hits you but does no damage.
The war gargoyle attacks as it pursues you!
The war gargoyle hits you with a +1 flail of protection!
* * * LOW HITPOINT WARNING * * *
There is an open door here.
The war gargoyle launches metal splinters at you.
The spray of metal splinters hits you!
You die...

########## #........#
######### #........####
#.......#
#........'..####.....#### #
#........##.@.9#...[.##†###†#
#........#####.'.....#.......
#........# ###.....'...†..#
#.....@..# #.....'.8.∩..#
#........# #.....'......#
######'### #.....#....... #.#
##'#####!###.# #.# #.# ## #†#
#.##


You could see a war gargoyle (catching breath).

Vanquished Creatures
  5 boulder beetles
  A two-headed ogre (D:10)
  A tengu warrior (D:13)
  A cyclops (D:12)
  A queen bee (D:10)
  6 trolls
  3 meliai (D:12)
  4 slime creatures (D:12)
  A shadow (D:11)
  Sigmund (D:2)
  17 yaks
  Eustachio (D:6)
  5 hogs (D:13)
  3 acid dragons
  2 water moccasins
  3 orc warriors
  2 sky beasts
  An ice beast (D:6)
  2 ogres
  2 wolves (D:11)
  2 phantoms
  3 bullfrogs
  3 scorpions
  An earth elemental (D:12)
  7 wights
  22 killer bees
  7 electric eels
  8 hounds
  4 orc priests
  3 jellies
  A sleepcap (D:7)
  4 iguanas
  Natasha (thrice) (D:2)
  10 orc wizards
  A nameless horror (D:8)
  3 gnolls
  9 adders
  A shadow imp (D:8)
  2 white imps
  2 ufetubi (D:6)
  4 worms
  A dart slug (D:5)
  36 orcs
  3 ball pythons (D:1)
  5 bats
  2 endoplasms
  4 giant cockroaches
  8 hobgoblins
  10 jackals
  8 kobolds
  3 quokkas
  4 frilled lizards
  7 goblins
  9 rats
262 creatures vanquished.

Vanquished Creatures (collateral kills)
  A two-headed ogre (D:11)
  A deep elf pyromancer (D:12)
  A gargoyle (D:10)
  The ghost of Syrassil the Digger, an amateur DrWn (D:4)
  2 slime creatures (D:12)
  2 wraiths
  A vampire (D:12)
  2 hogs (D:13)
  3 vampire mosquitoes (D:12)
  A swamp drake (D:10)
  Duvessa (D:7)
  An ogre (D:10)
  A kobold brigand (D:10)
  Dowan (D:7)
  9 killer bees
  2 orc priests (D:10)
  4 orcs
  A kobold (D:10)
35 creatures vanquished.

Vanquished Creatures (others)
  Kirke (D:13)
  2 killer bees
3 creatures vanquished.

Grand Total: 300 creatures vanquished

Notes
Turn   | Place    | Note
-------+----------+-------------------------------------------
     0 | D:1      | ReallyHexed the Djinni Hedge Wizard began the quest for the
                  | Orb.
     0 | D:1      | ReallyHexed set off with the following spells memorised:
                  | Magic Dart, Slow, Blink, Call Imp, Mephitic Cloud.
     0 | D:1      | Reached XP level 1. HP: 15/15 MP: 0/0
   131 | D:1      | Reached XP level 2. HP: 17/21 MP: 0/0
   336 | D:1      | Reached XP level 3. HP: 22/25 MP: 0/0
   336 | D:1      | Learned a level 1 spell: Summon Small Mammal
   946 | D:2      | Reached skill level 3 in Dodging
  1093 | D:2      | Noticed Natasha
  1122 | D:2      | Killed Natasha
  1123 | D:2      | Reached XP level 4. HP: 5/31 MP: 0/0
  1421 | D:2      | Noticed Natasha
  1429 | D:2      | Killed Natasha
  1500 | D:2      | Reached XP level 5. HP: 32/36 MP: 0/0
  1500 | D:2      | Learned a level 2 spell: Momentum Strike
  1695 | D:2      | Noticed Natasha
  1699 | D:2      | Killed Natasha
  1700 | D:2      | Reached skill level 1 in Fighting
  1700 | D:2      | Reached skill level 1 in Short Blades
  1700 | D:2      | Reached skill level 4 in Dodging
  1929 | D:2      | Noticed Sigmund
  2012 | D:2      | Killed Sigmund
  2013 | D:2      | Reached XP level 6. HP: 24/42 MP: 0/0
  2448 | D:3      | Reached skill level 5 in Dodging
  2500 | D:3      | Found a basalt altar of Yredelemnul.
  2599 | D:3      | Found a runed translucent door.
  2600 | D:3      | Noticed Crazy Yiuf
  2769 | D:3      | Found Toseudgh's Armour Shop.
  2960 | D:2      | Reached XP level 7. HP: 42/48 MP: 0/0
  2960 | D:2      | Learned a level 3 spell: Vampiric Draining
  3226 | D:4      | Noticed a water moccasin
  3237 | D:3      | Killed a water moccasin
  3944 | D:4      | Noticed Syrassil's ghost (amateur DrWn)
  3949 | D:4      | Found a runed translucent door.
  4002 | D:4      | Found a glowing golden altar of the Shining One.
  4154 | D:4      | Reached skill level 6 in Dodging
  4350 | D:5      | Entered Level 5 of the Dungeon
  4387 | D:5      | Found an iron altar of Okawaru.
  4752 | D:6      | Reached XP level 8. HP: 42/55 MP: 0/0
  5052 | D:6      | Found Zawurghon's Assorted Antiques.
  5383 | D:5      | Reached skill level 7 in Dodging
  6030 | D:6      | Noticed Eustachio
  6047 | D:6      | Killed Eustachio
  6249 | D:6      | Found a hazy altar of Hepliaklqana.
  6249 | D:6      | Found a blossoming altar of Fedhas.
  6272 | D:6      | Reached XP level 9. HP: 26/61 MP: 0/0
  6272 | D:6      | Learned a level 4 spell: Summon Ice Beast
  6441 | D:7      | Reached skill level 8 in Dodging
  6617 | D:7      | Reached skill level 5 in Spellcasting
  6617 | D:7      | Reached skill level 5 in Conjurations
  6617 | D:7      | Reached skill level 5 in Hexes
  6617 | D:7      | Reached skill level 5 in Summonings
  6617 | D:7      | Reached skill level 5 in Necromancy
  6617 | D:7      | Reached skill level 5 in Translocations
  6617 | D:7      | Reached skill level 5 in Transmutations
  6617 | D:7      | Reached skill level 5 in Fire Magic
  6617 | D:7      | Reached skill level 5 in Ice Magic
  6617 | D:7      | Reached skill level 5 in Air Magic
  6617 | D:7      | Reached skill level 5 in Earth Magic
  6617 | D:7      | Reached skill level 5 in Poison Magic
  6667 | D:7      | Noticed Duvessa
  6673 | D:7      | Noticed Dowan
  6679 | D:7      | Killed Duvessa
  6686 | D:7      | Killed Dowan
  7023 | D:7      | Found a flagged portal.
  7076 | D:7      | Found a staircase to the Ecumenical Temple.
  7094 | Temple   | Found a transporter.
  7094 | Temple   | Found a transporter.
  7094 | Temple   | Found a transporter.
  7094 | Temple   | Found a transporter.
  7094 | Temple   | Entered the Ecumenical Temple
  7175 | Temple   | Became a worshipper of Makhleb the Destroyer
  7801 | D:8      | Reached skill level 9 in Dodging
  8048 | D:8      | Noticed a hornet
  8653 | D:9      | Reached XP level 10. HP: 56/67 MP: 0/0
  9003 | D:9      | Reached * piety under Makhleb
  9117 | D:9      | Reached skill level 1 in Armour
  9428 | D:10     | Entered Level 10 of the Dungeon
  9533 | D:10     | Reached skill level 10 in Dodging
  9575 | D:10     | Noticed a gargoyle
  9589 | D:10     | Killed a gargoyle
  9635 | D:10     | Noticed a two-headed ogre
  9697 | D:10     | Killed a two-headed ogre
  9698 | D:10     | Reached XP level 11. HP: 74/74 MP: 0/0
  9698 | D:10     | Learned a level 5 spell: Borgnjor's Vile Clutch
 10071 | D:10     | Found a portal to a secret trove of treasure.
 10195 | D:10     | Reached skill level 11 in Dodging
 10196 | D:10     | Reached ** piety under Makhleb
 10492 | D:10     | Found a staircase to the Orcish Mines.
 10845 | D:4      | Killed Syrassil's ghost
 11075 | D:11     | Noticed a two-headed ogre
 11090 | D:11     | Killed a two-headed ogre
 11331 | D:11     | Reached skill level 5 in Fighting
 11347 | D:11     | Identified the +8 chain mail of the Byakko {rElec Str+5
                  | Int-2 Stlth+}
 11460 | D:11     | Noticed a boulder beetle
 11542 | D:11     | Killed a boulder beetle
 11582 | D:11     | Identified the +1 robe of the Beggar {Str+2}
 11607 | D:11     | Noticed a boulder beetle
 11639 | D:11     | Killed a boulder beetle
 11693 | D:11     | Noticed a boulder beetle
 11702 | D:11     | Killed a boulder beetle
 11703 | D:11     | Reached XP level 12. HP: 81/81 MP: 0/0
 11800 | D:11     | Found a staircase to the Lair.
 12084 | D:12     | Reached *** piety under Makhleb
 12367 | D:12     | Noticed a boulder beetle
 12383 | D:12     | Noticed a boulder beetle
 12428 | D:12     | Killed a boulder beetle
 12429 | D:12     | Reached skill level 12 in Dodging
 12429 | D:12     | Reached skill level 10 in Spellcasting
 12429 | D:12     | Reached skill level 10 in Conjurations
 12429 | D:12     | Reached skill level 10 in Hexes
 12429 | D:12     | Reached skill level 10 in Summonings
 12429 | D:12     | Reached skill level 10 in Necromancy
 12429 | D:12     | Reached skill level 10 in Translocations
 12429 | D:12     | Reached skill level 10 in Transmutations
 12429 | D:12     | Reached skill level 10 in Fire Magic
 12429 | D:12     | Reached skill level 10 in Ice Magic
 12429 | D:12     | Reached skill level 10 in Air Magic
 12429 | D:12     | Reached skill level 10 in Earth Magic
 12429 | D:12     | Reached skill level 10 in Poison Magic
 12549 | D:13     | Reached skill level 5 in Armour
 12688 | D:13     | Noticed a tengu warrior
 12749 | D:13     | Killed a tengu warrior
 12780 | D:13     | Noticed Kirke
 12795 | D:13     | Noticed a sphinx
 12806 | D:13     | Paralysed by a sphinx for 5 turns
 13606 | D:12     | Killed a boulder beetle
 13607 | D:12     | Reached XP level 13. HP: 87/87 MP: 0/0
 13607 | D:12     | Learned a level 5 spell: Summon Forest
 13901 | D:13     | Reached **** piety under Makhleb
 14063 | D:13     | Killed Kirke
 14104 | D:13     | Found a gate to the Vaults.
 14105 | D:13     | Noticed a war gargoyle
 14147 | D:13     | Upgraded the game from 0.31-a0-868-g674d60d6f7 to
                  | 0.31-a0-875-g02e7d12df6
 14197 | D:13     | Killed from afar by a war gargoyle

Illustrated notes

Levels and vault maps discovered:
D:1:      zaba_arrival_water, layout_rooms, st_stairs_4
D:2:      minmay_inner_zag, layout_basic, uniq_sigmund, uniq_natasha
D:3:      layout_basic, lemuel_coloured_pillars_altar, serial_shops,
          nicolae_shop_statue_plus, uniq_crazy_yiuf_cottage
D:4:      layout_cave_pools, nicolae_tso_carved_into_rock,
          hellmonk_ghost_happy_afterlife, sigmund_army
D:5:      layout_basic, mainiacjoe_overflow_paths
D:6:      minmay_spotlight, layout_cave_pools, nicolae_overflow_two_pavilions,
          serial_shops, shop, kennysheep_generic_room_4, uniq_eustachio
D:7:      layout_cave_pods, minmay_temple_entry_water_ring, enter_bailey_3,
          minivault_19, uniq_duvessa
D:8:      layout_basic
D:9:      layout_loops_ring
D:10:     layout_roguey, erik_orc_1, serial_bayou, serial_bayou_shore_a,
          serial_bayou_pond_b, serial_bayou_ford_a, serial_bayou_pond_d,
          special_room [special_room_bee], enter_trove_1
D:11:     minmay_stone_box, layout_irregular_city, erik_lair_island
D:12:     layout_stronghold
D:13:     layout_roguey, hellmonk_vaults_attempted_burglary,
          minmay_misc_feat_rugged, uniq_kirke
Temple:   hellmonk_temple_divided_pantheon

Skill      XL: |  1  2  3  4  5  6  7  8  9 10 11 12 13 |
---------------+----------------------------------------+-----
Stealth        | 2 3 4 |  4.7
Dodging        | 3 4 5 6 7 9 10 11 12 | 12.1
Spellcasting   | 3 4 6 7 9 10 | 10.9
Conjurations   | 3 4 6 7 9 10 | 10.9
Hexes          | 3 4 6 7 9 10 | 10.9
Summonings     | 3 4 6 7 9 10 | 10.9
Necromancy     | 3 4 6 7 9 10 | 10.9
Translocations | 3 4 6 7 9 10 | 10.9
Transmutations | 3 4 6 7 9 10 | 10.9
Fire Magic     | 3 4 6 7 9 10 | 10.9
Ice Magic      | 3 4 6 7 9 10 | 10.9
Air Magic      | 3 4 6 7 9 10 | 10.9
Earth Magic    | 3 4 6 7 9 10 | 10.9
Poison Magic   | 3 4 6 7 9 10 | 10.9
Fighting       | 1 2 3 4 5 6 |  6.2
Short Blades   | 1 2 |  2.3
Armour         | 3 4 6 7 |  7.3
Staves         | |  0.5
Evocations     | |  0.2

Action                     |  1- 3 |  4- 6 |  7- 9 | 10-12 | 13-15 || total
---------------------------+-------+-------+-------+-------+-------++-------
  Melee: Dagger            |     8 |    11 |     6 |     5 |       ||    30
         Staff             |       |       |       |    10 |       ||    10
   Cast: Magic Dart        |   100 |    82 |   360 |   374 |    19 ||   935
         Slow              |       |     6 |    13 |    31 |       ||    50
         Momentum Strike   |       |     6 |     6 |     2 |       ||    14
         Blink             |       |     1 |     7 |     5 |       ||    13
         Call Imp          |       |       |    12 |    13 |     4 ||    29
         Mephitic Cloud    |       |       |     4 |    16 |       ||    20
         Vampiric Draining |       |       |    31 |   229 |     9 ||   269
         Summon Ice Beast  |       |       |     6 |    41 |     4 ||    51
         Borgnjor's Vile C |       |       |       |     1 |     2 ||     3
  Evoke: Wand              |       |       |       |     2 |     1 ||     3
    Use: Potion            |     1 |       |     4 |     6 |     2 ||    13
         Scroll            |       |     3 |     3 |    12 |     1 ||    19
   Stab: Confused          |       |       |     1 |       |       ||     1
 Armour: Robe              |    22 |    36 |   104 |    17 |       ||   179
         Skin              |       |     6 |       |       |     1 ||     7
         Troll leather arm |       |       |       |   254 |    21 ||   275
  Dodge: Dodged            |    28 |    19 |   142 |   339 |    19 ||   547
         Repelled          |       |     1 |       |     6 |     1 ||     8

Table legend: (Time is in decaauts)
 A = Elapsed time spent in this place.
 B = Non-inter-level travel time spent in this place.
 C = Inter-level travel time spent in this place.
 D = Time resting spent in this place.
 E = Time spent auto-exploring this place.
 F = Levels seen in this place.
 G = Mean time per level.
                   A        B        C        D        E       F      G
               +--------+--------+--------+--------+--------+-----+--------+
         Total |  14233 |  13449 |    784 |    122 |   9510 |  14 | 1016.6 |
       Dungeon |  14131 |  13347 |    784 |    122 |   9510 |  13 | 1087.0 |
        Temple |    101 |    101 |      0 |      0 |      0 |   1 |  101.0 |
               +--------+--------+--------+--------+--------+-----+--------+

Top non-repeatable levels by time:
     D:2: 1697 daAuts
    D:12: 1344 daAuts
    D:10: 1289 daAuts
     D:7: 1128 daAuts
     D:3: 1057 daAuts
     D:6: 1024 daAuts
     D:8: 1002 daAuts
    D:11: 987 daAuts
     D:9: 979 daAuts
     D:4: 962 daAuts
     D:5: 948 daAuts
     D:1: 862 daAuts
    D:13: 847 daAuts
  Temple: 101 daAuts
